Atomiques vs Wolves
Created - 4 février 2013 at 19:19
Goals
|
| Atomiques |
2 |
3 |
1 |
6 |
| Wolves |
0 |
3 |
2 |
5 |
|
Shots
|
| Atomiques |
8 |
17 |
14 |
39 |
| Wolves |
9 |
18 |
13 |
40 |
|
1st period
1. Atomiques , Jordan Staal 2 (Daniel Carcillo, Denis Hamel) at 2:31
2. Atomiques , Shawn Belle 2 (James Van Riemsdyk, Brendon Nash) at 6:25
Penalties :
Brendon Nash (STB) for Interference (Minor) at 3:03, Matt Gilroy (Min) for Tripping (Minor) at 10:37, Alexander Perezhogin (Min) for Hooking (Minor) at 18:49
2nd period
3. Wolves , Matt Gilroy 2 (Ethan Moreau, Milan Bartovic) at 0:06 (SH)
4. Atomiques , Mattias Ohlund 4 (T.J. Oshie, Jordan Staal) at 0:14 (PP)
5. Atomiques , Jordan Staal 3 (Nick Johnson, Mattias Ohlund) at 3:56
6. Wolves , Geoff Sanderson 19 (Chris Neil, Rich Peverley) at 5:59
7. Atomiques , Mattias Ohlund 5 (Daniel Tjarnqvist) at 7:22
8. Wolves , Ethan Moreau 8 (Marc-André Gragnani, Milan Bartovic) at 8:59
Penalties :
Daniel Carcillo (STB) for Hooking (Minor) at 3:21, Philippe Boucher (Min) for Interference (Minor) at 3:44, Milan Bartovic (Min) for Hooking (Minor) at 13:11
3rd period
9. Wolves , Rich Peverley 4 (Geoff Sanderson, Matt Gilroy) at 6:28 (PP)
10. Wolves , Mike Zigomanis 13 (Alexander Perezhogin, Philippe Boucher) at 11:40
11. Atomiques , Jordan Staal 4 (Daniel Carcillo, Shawn Belle) at 11:56
Penalties :
James Van Riemsdyk (STB) for Interference (Minor) at 0:58, Daniel Carcillo (STB) for Elbowing (Minor) at 5:29, Matt Gilroy (Min) for Tripping (Minor) at 11:36, Mattias Ohlund (STB) for Slashing (Minor) at 11:36
Goalie Stats
Mike Brodeur (STB), 35 saves from 40 shots - (0,875), W, 15-3-2, 60:00 minutes
Julien Ellis (Min), 33 saves from 39 shots - (0,846), L, 12-11-1, 59:54 minutes
Players Stats for Atomiques
Player Name G A P +/- PIM S H SB GA TA FO MP PP MP PK MP
------------------------------------------------------------------------------------
Andy Greene 0 0 0 0 0 4 2 2 1 0 0/0 21:23 2:02 1:57
Boyd Gordon 0 0 0 -1 0 0 1 0 0 0 5/14 16:47 2:14 1:47
Brendon Nash 0 1 1 1 2 2 2 0 0 0 0/0 12:48 0:00 0:00
Brett Sutter 0 0 0 1 0 0 2 0 0 1 4/5 11:09 0:00 1:51
Carl Hagelin 0 0 0 0 0 0 2 0 0 0 0/0 8:23 0:00 0:00
Daniel Carcillo 0 2 2 0 4 3 2 0 1 0 2/7 21:14 3:23 1:45
Daniel Tjarnqvist 0 1 1 1 0 4 2 3 0 2 0/0 27:20 3:44 3:25
Denis Hamel 0 1 1 0 0 0 0 1 1 0 0/0 11:20 2:14 1:46
James Van Riemsdyk 0 1 1 0 2 2 1 0 0 0 0/0 15:23 0:09 0:15
John Zeiler 0 0 0 -1 0 0 1 0 0 0 1/2 14:15 2:14 0:00
Jordan Staal 3 1 4 1 0 9 1 0 1 1 9/23 24:27 3:29 3:16
Kyle Turris 0 0 0 0 0 1 1 0 0 0 4/6 8:23 0:00 0:00
Mattias Ohlund 2 1 3 1 2 7 5 0 2 3 0/0 27:16 3:44 3:25
Nick Johnson 0 1 1 1 0 2 0 0 0 1 4/5 11:21 0:35 0:00
Ryan MacMurchy 0 0 0 0 0 0 1 0 0 0 1/1 8:23 0:00 0:00
Shawn Belle 1 1 2 1 0 2 0 0 0 0 0/0 13:41 0:00 0:02
T.J. Oshie 0 1 1 0 0 2 3 0 0 1 0/3 17:33 3:00 0:00
Wes O'Neill 0 0 0 -1 0 1 1 1 0 2 0/0 19:54 2:02 1:51
Players Stats for Wolves
Player Name G A P +/- PIM S H SB GA TA FO MP PP MP PK MP
------------------------------------------------------------------------------------
Alexander Perezhogin 0 1 1 -2 2 3 0 0 1 0 2/4 21:28 2:57 0:23
Bruno Gervais 0 0 0 -3 0 5 2 3 0 0 0/0 26:47 2:21 3:08
Chris Neil 0 1 1 -1 0 2 1 0 0 0 1/2 14:47 2:13 0:00
Cody McLeod 0 0 0 0 0 5 1 0 1 0 0/0 10:26 0:10 1:35
Ethan Moreau 1 1 2 2 0 2 0 2 0 1 3/3 12:38 0:00 2:52
Geoff Sanderson 1 1 2 -1 0 4 1 0 0 1 0/0 15:48 2:13 0:49
Marc-André Gragnani 0 1 1 3 0 1 4 1 0 0 0/0 18:49 1:37 2:45
Matt Gilroy 1 1 2 3 4 3 2 0 0 0 0/0 16:19 1:15 1:58
Mike Zigomanis 1 0 1 -2 0 4 3 0 0 0 21/34 22:23 2:57 1:49
Milan Bartovic 0 2 2 2 2 0 1 0 0 0 1/2 11:19 0:10 1:57
Nate Guenin 0 0 0 -2 0 1 0 2 0 1 0/0 17:56 1:00 2:38
Nathan Davis 0 0 0 1 0 0 1 0 1 0 3/8 11:11 0:10 1:05
Petr Kalus 0 0 0 0 0 0 0 0 0 1 1/3 6:17 0:00 0:00
Philippe Boucher 0 1 1 -1 2 1 0 2 3 2 0/0 24:09 3:04 0:00
Rich Peverley 1 1 2 -1 0 3 3 0 2 0 2/7 15:20 2:13 0:00
Tim Crowder 0 0 0 0 0 1 2 0 0 0 1/1 8:41 0:00 0:53
Vyacheslav Kozlov 0 0 0 -1 0 3 0 1 2 0 1/2 20:21 2:57 0:09
Willie Mitchell 0 0 0 -2 0 2 1 3 1 0 0/0 15:55 1:22 1:03
3 Stars
1 - Jordan Staal (STB)
2 - Mattias Ohlund (STB)
3 - Ethan Moreau (Min)
Power Play
Atomiques - 1 on 4 Attempt(s) - 25,00%
Wolves - 1 on 4 Attempt(s) - 25,00%
Penalty Kill
Atomiques - 3 on 4 Attempt(s) - 75,00%
- Score 0 goal in Penalty Kill
Wolves - 3 on 4 Attempt(s) - 75,00%
- Score 1 goal in Penalty Kill
Official
Referees : Kozari Steve and Walkom Stephen
Linesman : Derek Nansen and Darren Gibbs
Game Notes
Willie Mitchell is injured at 18:32 of 2nd period (Sprained Left Knee)
9:32 of 3rd period - Wolves goal is going for a video replay. After video review, No Goal. The net was displaced accidentally.
Jordan Staal has scored a Hat Trick!
Atomiques
5 vs 5 Forward
Center Left Wing Right Wing Time % Phy DF OF
1 Jordan Staal Daniel Carcillo T.J. Oshie 40 1 2 2
2 Boyd Gordon James Van Riemsdyk John Zeiler 30 1 2 2
3 Brett Sutter Denis Hamel Nick Johnson 20 1 2 2
4 Kyle Turris Carl Hagelin Ryan MacMurchy 10 1 2 2
5 vs 5 Defense
Defense Defense Time % Phy DF OF
1 Mattias Ohlund Daniel Tjarnqvist 40 1 2 2
2 Andy Greene Wes O'Neill 30 1 2 2
3 Shawn Belle Brendon Nash 20 1 2 2
4 Mattias Ohlund Daniel Tjarnqvist 10 1 2 2
PowerPlay Forward
Center Left Wing Right Wing Time % Phy DF OF
1 Jordan Staal Daniel Carcillo T.J. Oshie 60 1 2 2
2 Boyd Gordon Denis Hamel John Zeiler 40 1 2 2
PowerPlay Defense
Defense Defense Time % Phy DF OF
1 Mattias Ohlund Daniel Tjarnqvist 60 1 2 2
2 Andy Greene Wes O'Neill 40 1 2 2
Penalty Kill 4 Players Forward
Center Wing Time % Phy DF OF
1 Daniel Carcillo Jordan Staal 60 1 2 2
2 Denis Hamel Boyd Gordon 40 1 2 2
Penalty Kill 4 Players Defense
Defense Defense Time % Phy DF OF
1 Mattias Ohlund Daniel Tjarnqvist 60 1 2 2
2 Andy Greene Wes O'Neill 40 1 2 2
Penalty Kill - 3 Players Forward
Forward Time % Phy DF OF
1 Daniel Carcillo 60 1 2 2
2 Jordan Staal 40 1 2 2
Penalty Kill - 3 Players Defense
Defense Defense Time % Phy DF OF
1 Mattias Ohlund Daniel Tjarnqvist 60 1 2 2
2 Andy Greene Wes O'Neill 40 1 2 2
4 vs 4 Forward
Center Wing Time % Phy DF OF
1 Daniel Carcillo Jordan Staal 60 1 2 2
2 Denis Hamel Boyd Gordon 40 1 2 2
4 vs 4 Defense
Defense Defense Time % Phy DF OF
1 Mattias Ohlund Daniel Tjarnqvist 60 1 2 2
2 Andy Greene Wes O'Neill 40 1 2 2
Last Minutes Offensive
Center Left Wing Right Wing Defense Defense
Jordan Staal Daniel Carcillo T.J. Oshie Mattias Ohlund Daniel Tjarnqvist
Last Minutes Defensive
Center Left Wing Right Wing Defense Defense
Jordan Staal Daniel Carcillo T.J. Oshie Mattias Ohlund Daniel Tjarnqvist
Goaltenders
Starting : Mike Brodeur
Backup : Jeremy Smith
Extra Forwards
Normal : Nick Johnson, James Van Riemsdyk, Brett Sutter - PP : Nick Johnson, James Van Riemsdyk - PK : Brett Sutter
Extra Defensemen
Normal : Shawn Belle, Brendon Nash, Andy Greene - PP : Shawn Belle - PK : Brendon Nash, Andy Greene
Penalty Shots
Daniel Carcillo, Jordan Staal, Denis Hamel, Boyd Gordon, T.J. Oshie
Wolves
5 vs 5 Forward
Center Left Wing Right Wing Time % Phy DF OF
1 Mike Zigomanis Vyacheslav Kozlov Alexander Perezhogin 40 1 1 3
2 Rich Peverley Geoff Sanderson Chris Neil 30 1 1 3
3 Nathan Davis Ethan Moreau Milan Bartovic 20 1 3 1
4 Petr Kalus Cody McLeod Tim Crowder 10 1 1 3
5 vs 5 Defense
Defense Defense Time % Phy DF OF
1 Willie Mitchell Philippe Boucher 40 1 3 1
2 Nate Guenin Bruno Gervais 30 2 2 1
3 Matt Gilroy Marc-André Gragnani 20 2 2 1
4 Willie Mitchell Philippe Boucher 10 1 3 1
PowerPlay Forward
Center Left Wing Right Wing Time % Phy DF OF
1 Mike Zigomanis Vyacheslav Kozlov Alexander Perezhogin 60 1 0 4
2 Rich Peverley Geoff Sanderson Chris Neil 40 1 0 4
PowerPlay Defense
Defense Defense Time % Phy DF OF
1 Willie Mitchell Philippe Boucher 60 1 1 3
2 Nate Guenin Bruno Gervais 40 1 1 3
Penalty Kill 4 Players Forward
Center Wing Time % Phy DF OF
1 Ethan Moreau Milan Bartovic 60 2 3 0
2 Nathan Davis Tim Crowder 40 2 3 0
Penalty Kill 4 Players Defense
Defense Defense Time % Phy DF OF
1 Matt Gilroy Marc-André Gragnani 60 3 2 0
2 Nate Guenin Bruno Gervais 40 3 2 0
Penalty Kill - 3 Players Forward
Forward Time % Phy DF OF
1 Ethan Moreau 60 2 3 0
2 Milan Bartovic 40 2 3 0
Penalty Kill - 3 Players Defense
Defense Defense Time % Phy DF OF
1 Marc-André Gragnani Matt Gilroy 60 3 2 0
2 Nate Guenin Bruno Gervais 40 3 2 0
4 vs 4 Forward
Center Wing Time % Phy DF OF
1 Mike Zigomanis Alexander Perezhogin 60 1 1 3
2 Rich Peverley Geoff Sanderson 40 1 1 3
4 vs 4 Defense
Defense Defense Time % Phy DF OF
1 Willie Mitchell Philippe Boucher 60 1 3 1
2 Nate Guenin Bruno Gervais 40 1 3 1
Last Minutes Offensive
Center Left Wing Right Wing Defense Defense
Mike Zigomanis Vyacheslav Kozlov Alexander Perezhogin Willie Mitchell Philippe Boucher
Last Minutes Defensive
Center Left Wing Right Wing Defense Defense
Rich Peverley Ethan Moreau Chris Neil Marc-André Gragnani Matt Gilroy
Goaltenders
Starting : Julien Ellis
Backup : Loïc Lacasse
Extra Forwards
Normal : Alexander Perezhogin, Vyacheslav Kozlov, Geoff Sanderson - PP : Alexander Perezhogin, Vyacheslav Kozlov - PK : Ethan Moreau
Extra Defensemen
Normal : Philippe Boucher, Willie Mitchell, Bruno Gervais - PP : Philippe Boucher - PK : Willie Mitchell, Matt Gilroy
Penalty Shots
Chris Neil, Vyacheslav Kozlov, Ethan Moreau, Alexander Perezhogin, Mike Zigomanis
% Time on Ice - Atomiques
Lines # - Real PCT - Wanted PCT - Time Play
Normal Forward
1 - 38% - 40% - 16:37
2 - 27% - 30% - 12:01
3 - 16% - 20% - 7:06
4 - 19% - 10% - 8:23
Normal Defense
1 - 40% - 40% - 17:46
2 - 34% - 30% - 15:00
3 - 23% - 20% - 10:13
4 - 3% - 10% - 1:08
PP Forward
1 - 61% - 60% - 3:32
2 - 39% - 40% - 2:14
PP Defense
1 - 65% - 60% - 3:44
2 - 35% - 40% - 2:02
PK Forward
1 - 79% - 60% - 4:13
2 - 21% - 40% - 1:07
PK Defense
1 - 65% - 60% - 3:29
2 - 35% - 40% - 1:51
PK3 Forward
1 - 0% - 60%
2 - 0% - 40%
PK3 Defense
1 - 0% - 60%
2 - 0% - 40%
44 Forward
1 - 87% - 60% - 3:08
2 - 13% - 40% - 0:27
44 Defense
1 - 74% - 60% - 2:40
2 - 26% - 40% - 0:55
Last Minute Offensive - 0:00
Last Minute Defensive - 1:12
Total
Forward - 60:00
Defense - 60:00
|
% Time on Ice - Wolves
Lines # - Real PCT - Wanted PCT - Time Play
Normal Forward
1 - 35% - 40% - 15:38
2 - 32% - 30% - 14:00
3 - 18% - 20% - 8:09
4 - 14% - 10% - 6:17
Normal Defense
1 - 46% - 40% - 20:11
2 - 25% - 30% - 11:06
3 - 22% - 20% - 9:53
4 - 7% - 10% - 2:54
PP Forward
1 - 58% - 60% - 3:07
2 - 42% - 40% - 2:13
PP Defense
1 - 81% - 60% - 4:20
2 - 19% - 40% - 1:00
PK Forward
1 - 85% - 60% - 4:53
2 - 15% - 40% - 0:53
PK Defense
1 - 62% - 60% - 3:34
2 - 38% - 40% - 2:12
PK3 Forward
1 - 0% - 60%
2 - 0% - 40%
PK3 Defense
1 - 0% - 60%
2 - 0% - 40%
44 Forward
1 - 85% - 60% - 3:03
2 - 15% - 40% - 0:32
44 Defense
1 - 100% - 60% - 3:35
2 - 0% - 40% - 0:00
Last Minute Offensive - 1:15
Last Minute Defensive - 0:00
Total
Forward - 60:00
Defense - 60:00
|
Play by Play
1st period
0:01 of 1st period - Mike Zigomanis wins face-off versus Daniel Carcillo in neutral zone.
0:08 of 1st period - Wrist shot by Alexander Perezhogin.
0:08 of 1st period - Shot Misses the Net.
0:26 of 1st period - Chris Neil is hit by Mattias Ohlund and loses puck.
0:33 of 1st period - Snap shot by Boyd Gordon.
0:33 of 1st period - Deflect By John Zeiler.
0:33 of 1st period - Shot Blocked by Willie Mitchell.
0:33 of 1st period - Puck is out of play.
0:34 of 1st period - Brett Sutter wins face-off versus Nathan Davis in Wolves zone.
0:49 of 1st period - Wrist shot by Ethan Moreau.
0:49 of 1st period - Deflect By Nathan Davis.
0:49 of 1st period - Shot Blocked by Andy Greene.
0:49 of 1st period - Puck is out of play.
0:50 of 1st period - Petr Kalus wins face-off versus Kyle Turris in Atomiques zone.
0:53 of 1st period - Backhand shot by Cody McLeod.
0:53 of 1st period - Stopped by Mike Brodeur with a rebound.
0:55 of 1st period - Snap shot by Cody McLeod.
0:55 of 1st period - Shot Misses the Net.
0:57 of 1st period - Slapshot by Cody McLeod.
0:57 of 1st period - Stopped by Mike Brodeur with a rebound.
0:59 of 1st period - Slapshot by Matt Gilroy.
0:59 of 1st period - Shot Misses the Net.
1:15 of 1st period - Matt Gilroy is hit by Brendon Nash and loses puck.
1:42 of 1st period - Geoff Sanderson is hit by T.J. Oshie and loses puck.
1:49 of 1st period - Snap shot by Daniel Carcillo.
1:49 of 1st period - Shot Blocked by Nate Guenin.
1:51 of 1st period - Slapshot by Andy Greene.
1:51 of 1st period - Stopped by Julien Ellis without a rebound.
1:52 of 1st period - Brett Sutter wins face-off versus Nathan Davis in Wolves zone.
2:01 of 1st period - Snap shot by Denis Hamel.
2:01 of 1st period - Shot Hit the Post.
2:03 of 1st period - Slapshot by Wes O'Neill.
2:03 of 1st period - Shot Blocked by Philippe Boucher.
2:31 of 1st period - Slapshot by Jordan Staal.
2:31 of 1st period - Goal by Jordan Staal - Atomiques : 1 - Wolves : 0.
2:32 of 1st period - Mike Zigomanis wins face-off versus Boyd Gordon in neutral zone.
2:40 of 1st period - Slapshot by Mattias Ohlund.
2:40 of 1st period - Shot Blocked by Willie Mitchell.
2:48 of 1st period - Wrist shot by John Zeiler.
2:48 of 1st period - Shot Misses the Net.
2:55 of 1st period - Icing by Willie Mitchell.
2:56 of 1st period - Mike Zigomanis wins face-off versus Jordan Staal in Wolves zone.
2:56 of 1st period - Mike Zigomanis is hit by Jordan Staal.
3:03 of 1st period - Minor Penalty to Brendon Nash for Interference.
3:04 of 1st period - Daniel Carcillo wins face-off versus Vyacheslav Kozlov in Atomiques zone.
4:54 of 1st period - Nate Guenin is hit by Brett Sutter and loses puck.
5:03 of 1st period - Penalty to Brendon Nash is over, Brendon Nash is back on ice.
5:03 of 1st period - Slapshot by James Van Riemsdyk.
5:03 of 1st period - Shot Misses the Net.
5:21 of 1st period - Wrist shot by Vyacheslav Kozlov.
5:21 of 1st period - Shot Misses the Net.
5:33 of 1st period - Alexander Perezhogin is hit by James Van Riemsdyk and loses puck.
6:09 of 1st period - Wrist shot by James Van Riemsdyk.
6:09 of 1st period - Shot Misses the Net.
6:11 of 1st period - Slapshot by Andy Greene.
6:11 of 1st period - Stopped by Julien Ellis with a rebound.
6:21 of 1st period - Snap shot by James Van Riemsdyk.
6:21 of 1st period - Stopped by Julien Ellis with a rebound.
6:23 of 1st period - Snap shot by Shawn Belle.
6:23 of 1st period - Shot Blocked by Bruno Gervais.
6:25 of 1st period - Backhand shot by Shawn Belle.
6:25 of 1st period - Goal by Shawn Belle - Atomiques : 2 - Wolves : 0.
6:26 of 1st period - Kyle Turris wins face-off versus Rich Peverley in neutral zone.
7:01 of 1st period - Off-side.
7:02 of 1st period - Kyle Turris wins face-off versus Petr Kalus in neutral zone.
7:05 of 1st period - Tim Crowder is hit by Ryan MacMurchy and loses puck.
7:50 of 1st period - Daniel Tjarnqvist is hit by Nathan Davis and loses puck.
8:11 of 1st period - Willie Mitchell is hit by Mattias Ohlund and loses puck.
8:50 of 1st period - T.J. Oshie is hit by Matt Gilroy and loses puck.
9:18 of 1st period - Bruno Gervais is hit by John Zeiler and loses puck.
9:55 of 1st period - Matt Gilroy is hit by Andy Greene and loses puck.
10:07 of 1st period - Icing by Matt Gilroy.
10:08 of 1st period - Tim Crowder wins face-off versus Boyd Gordon in Wolves zone.
10:33 of 1st period - Chris Neil is hit by Andy Greene and loses puck.
10:37 of 1st period - Minor Penalty to Matt Gilroy for Tripping.
10:38 of 1st period - Ethan Moreau wins face-off versus Jordan Staal in Wolves zone.
11:03 of 1st period - Nate Guenin is hit by Mattias Ohlund and loses puck.
11:30 of 1st period - Snap shot by Willie Mitchell.
11:30 of 1st period - Shot Blocked by Wes O'Neill.
12:37 of 1st period - Penalty to Matt Gilroy is over, Matt Gilroy is back on ice.
12:53 of 1st period - Snap shot by Rich Peverley.
12:53 of 1st period - Stopped by Mike Brodeur with a rebound.
12:55 of 1st period - Wrist shot by Chris Neil.
12:55 of 1st period - Stopped by Mike Brodeur with a rebound.
15:38 of 1st period - Kyle Turris is hit by Matt Gilroy and loses puck.
15:57 of 1st period - Shawn Belle is hit by Cody McLeod and loses puck.
16:02 of 1st period - Snap shot by Cody McLeod.
16:02 of 1st period - Stopped by Mike Brodeur with a rebound.
16:04 of 1st period - Snap shot by Marc-André Gragnani.
16:04 of 1st period - Shot Blocked by Denis Hamel.
16:16 of 1st period - Andy Greene is hit by Mike Zigomanis and loses puck.
16:21 of 1st period - Slapshot by Alexander Perezhogin.
16:21 of 1st period - Shot Hit the Post.
16:23 of 1st period - Slapshot by Philippe Boucher.
16:23 of 1st period - Shot Misses the Net.
16:32 of 1st period - Icing by Wes O'Neill.
16:33 of 1st period - Jordan Staal wins face-off versus Nathan Davis in Atomiques zone.
16:46 of 1st period - Wes O'Neill is hit by Milan Bartovic and loses puck.
17:03 of 1st period - Snap shot by Vyacheslav Kozlov.
17:03 of 1st period - Stopped by Mike Brodeur without a rebound.
17:04 of 1st period - Mike Zigomanis wins face-off versus Brett Sutter in Atomiques zone.
17:05 of 1st period - Snap shot by Alexander Perezhogin.
17:05 of 1st period - Deflect By Vyacheslav Kozlov.
17:05 of 1st period - Stopped by Mike Brodeur with a rebound.
17:09 of 1st period - Wrist shot by Mike Zigomanis.
17:09 of 1st period - Stopped by Mike Brodeur without a rebound.
17:10 of 1st period - Mike Zigomanis wins face-off versus T.J. Oshie in Atomiques zone.
17:11 of 1st period - Snap shot by Vyacheslav Kozlov.
17:11 of 1st period - Shot Misses the Net.
17:13 of 1st period - Slapshot by Bruno Gervais.
17:13 of 1st period - Stopped by Mike Brodeur without a rebound.
17:14 of 1st period - Jordan Staal wins face-off versus Mike Zigomanis in Atomiques zone.
17:41 of 1st period - Slapshot by Daniel Tjarnqvist.
17:41 of 1st period - Stopped by Julien Ellis with a rebound.
17:43 of 1st period - Slapshot by Daniel Tjarnqvist.
17:43 of 1st period - Stopped by Julien Ellis without a rebound.
17:44 of 1st period - Chris Neil wins face-off versus Boyd Gordon in Wolves zone.
18:32 of 1st period - Snap shot by Denis Hamel.
18:32 of 1st period - Shot Blocked by Vyacheslav Kozlov.
18:36 of 1st period - Slapshot by Denis Hamel.
18:36 of 1st period - Deflect By Nick Johnson.
18:36 of 1st period - Stopped by Julien Ellis without a rebound.
18:37 of 1st period - Mike Zigomanis wins face-off versus Boyd Gordon in Wolves zone.
18:49 of 1st period - Minor Penalty to Alexander Perezhogin for Hooking.
18:50 of 1st period - Ethan Moreau wins face-off versus T.J. Oshie in Wolves zone.
2nd period
0:01 of 2nd period - Milan Bartovic wins face-off versus Jordan Staal in neutral zone.
0:06 of 2nd period - Slapshot by Matt Gilroy.
0:06 of 2nd period - Goal by Matt Gilroy - Atomiques : 2 - Wolves : 1.
0:07 of 2nd period - Jordan Staal wins face-off versus Milan Bartovic in neutral zone.
0:14 of 2nd period - Slapshot by Mattias Ohlund.
0:14 of 2nd period - Goal by Mattias Ohlund - Atomiques : 3 - Wolves : 1.
0:15 of 2nd period - Jordan Staal wins face-off versus Mike Zigomanis in neutral zone.
0:40 of 2nd period - Boyd Gordon is hit by Chris Neil and loses puck.
1:08 of 2nd period - Andy Greene is hit by Willie Mitchell.
1:24 of 2nd period - Andy Greene is hit by Tim Crowder and loses puck.
1:45 of 2nd period - Snap shot by Andy Greene.
1:45 of 2nd period - Stopped by Julien Ellis with a rebound.
3:12 of 2nd period - Slapshot by Alexander Perezhogin.
3:12 of 2nd period - Deflect By Mike Zigomanis.
3:12 of 2nd period - Stopped by Mike Brodeur with a rebound.
3:14 of 2nd period - Slapshot by Matt Gilroy.
3:14 of 2nd period - Stopped by Mike Brodeur with a rebound.
3:16 of 2nd period - Snap shot by Alexander Perezhogin.
3:16 of 2nd period - Deflect By Mike Zigomanis.
3:16 of 2nd period - Shot Misses the Net.
3:16 of 2nd period - Puck is out of play.
3:17 of 2nd period - Rich Peverley wins face-off versus Jordan Staal in Atomiques zone.
3:20 of 2nd period - Wrist shot by Chris Neil.
3:20 of 2nd period - Stopped by Mike Brodeur with a rebound.
3:21 of 2nd period - Minor Penalty to Daniel Carcillo for Hooking.
3:22 of 2nd period - Brett Sutter wins face-off versus Mike Zigomanis in Atomiques zone.
3:44 of 2nd period - Minor Penalty to Philippe Boucher for Interference.
3:45 of 2nd period - Jordan Staal wins face-off versus Alexander Perezhogin in Wolves zone.
3:46 of 2nd period - Slapshot by Daniel Tjarnqvist.
3:46 of 2nd period - Shot Blocked by Willie Mitchell.
3:48 of 2nd period - Wrist shot by Nick Johnson.
3:48 of 2nd period - Shot Misses the Net.
3:50 of 2nd period - Slapshot by Daniel Tjarnqvist.
3:50 of 2nd period - Shot Blocked by Bruno Gervais.
3:52 of 2nd period - Slapshot by Mattias Ohlund.
3:52 of 2nd period - Stopped by Julien Ellis with a rebound.
3:54 of 2nd period - Snap shot by Nick Johnson.
3:54 of 2nd period - Deflect By Jordan Staal.
3:54 of 2nd period - Stopped by Julien Ellis with a rebound.
3:56 of 2nd period - Snap shot by Jordan Staal.
3:56 of 2nd period - Goal by Jordan Staal - Atomiques : 4 - Wolves : 1.
3:57 of 2nd period - Nick Johnson wins face-off versus Mike Zigomanis in neutral zone.
4:00 of 2nd period - Willie Mitchell is hit by Daniel Tjarnqvist and loses puck.
4:05 of 2nd period - Wrist shot by Jordan Staal.
4:05 of 2nd period - Stopped by Julien Ellis without a rebound.
4:06 of 2nd period - Mike Zigomanis wins face-off versus Nick Johnson in Wolves zone.
4:17 of 2nd period - Slapshot by Mattias Ohlund.
4:17 of 2nd period - Stopped by Julien Ellis with a rebound.
4:19 of 2nd period - Slapshot by Daniel Tjarnqvist.
4:19 of 2nd period - Shot Misses the Net.
4:21 of 2nd period - Snap shot by Jordan Staal.
4:21 of 2nd period - Stopped by Julien Ellis without a rebound.
4:22 of 2nd period - Nick Johnson wins face-off versus Mike Zigomanis in Wolves zone.
4:23 of 2nd period - Snap shot by Jordan Staal.
4:23 of 2nd period - Stopped by Julien Ellis without a rebound.
4:24 of 2nd period - Nick Johnson wins face-off versus Mike Zigomanis in Wolves zone.
4:31 of 2nd period - Slapshot by Jordan Staal.
4:31 of 2nd period - Stopped by Julien Ellis without a rebound.
4:32 of 2nd period - Nick Johnson wins face-off versus Mike Zigomanis in Wolves zone.
4:57 of 2nd period - Backhand shot by Mike Zigomanis.
4:57 of 2nd period - Shot Misses the Net.
5:07 of 2nd period - Backhand shot by Mattias Ohlund.
5:07 of 2nd period - Deflect By Nick Johnson.
5:07 of 2nd period - Stopped by Julien Ellis with a rebound.
5:21 of 2nd period - Penalty to Daniel Carcillo is over, Daniel Carcillo is back on ice.
5:37 of 2nd period - Snap shot by Alexander Perezhogin.
5:37 of 2nd period - Shot Blocked by Daniel Tjarnqvist.
5:39 of 2nd period - Slapshot by Willie Mitchell.
5:39 of 2nd period - Shot Misses the Net.
5:41 of 2nd period - Slapshot by Bruno Gervais.
5:41 of 2nd period - Stopped by Mike Brodeur with a rebound.
5:43 of 2nd period - Wrist shot by Mike Zigomanis.
5:43 of 2nd period - Deflect By Daniel Carcillo.
5:43 of 2nd period - Shot Misses the Net.
5:43 of 2nd period - Puck is out of play.
5:44 of 2nd period - Penalty to Philippe Boucher is over, Philippe Boucher is back on ice.
5:44 of 2nd period - Rich Peverley wins face-off versus Boyd Gordon in Atomiques zone.
5:55 of 2nd period - Wrist shot by Geoff Sanderson.
5:55 of 2nd period - Stopped by Mike Brodeur with a rebound.
5:57 of 2nd period - Wrist shot by Geoff Sanderson.
5:57 of 2nd period - Stopped by Mike Brodeur with a rebound.
5:59 of 2nd period - Snap shot by Geoff Sanderson.
5:59 of 2nd period - Goal by Geoff Sanderson - Atomiques : 4 - Wolves : 2.
6:00 of 2nd period - Boyd Gordon wins face-off versus Chris Neil in neutral zone.
6:11 of 2nd period - Philippe Boucher is hit by Wes O'Neill and loses puck.
6:30 of 2nd period - Slapshot by Willie Mitchell.
6:30 of 2nd period - Deflect By Daniel Carcillo.
6:30 of 2nd period - Stopped by Mike Brodeur with a rebound.
6:46 of 2nd period - Daniel Tjarnqvist is hit by Tim Crowder and loses puck.
6:53 of 2nd period - Snap shot by Daniel Tjarnqvist.
6:53 of 2nd period - Stopped by Julien Ellis without a rebound.
6:54 of 2nd period - Mike Zigomanis wins face-off versus Boyd Gordon in Wolves zone.
6:54 of 2nd period - Mike Zigomanis is hit by Boyd Gordon.
7:22 of 2nd period - Wrist shot by Mattias Ohlund.
7:22 of 2nd period - Goal by Mattias Ohlund - Atomiques : 5 - Wolves : 2.
7:23 of 2nd period - Alexander Perezhogin wins face-off versus Jordan Staal in neutral zone.
7:38 of 2nd period - Snap shot by Alexander Perezhogin.
7:38 of 2nd period - Stopped by Mike Brodeur with a rebound.
7:53 of 2nd period - John Zeiler is hit by Rich Peverley and loses puck.
8:34 of 2nd period - Shawn Belle is hit by Marc-André Gragnani and loses puck.
8:55 of 2nd period - Snap shot by Milan Bartovic.
8:55 of 2nd period - Shot Misses the Net.
8:57 of 2nd period - Snap shot by Marc-André Gragnani.
8:57 of 2nd period - Shot Misses the Net.
8:59 of 2nd period - Wrist shot by Ethan Moreau.
8:59 of 2nd period - Goal by Ethan Moreau - Atomiques : 5 - Wolves : 3.
9:00 of 2nd period - Alexander Perezhogin wins face-off versus Jordan Staal in neutral zone.
9:05 of 2nd period - Backhand shot by Philippe Boucher.
9:05 of 2nd period - Stopped by Mike Brodeur with a rebound.
9:07 of 2nd period - Slapshot by Willie Mitchell.
9:07 of 2nd period - Stopped by Mike Brodeur without a rebound.
9:08 of 2nd period - Daniel Carcillo wins face-off versus Mike Zigomanis in Atomiques zone.
9:33 of 2nd period - Snap shot by James Van Riemsdyk.
9:33 of 2nd period - Deflect By Willie Mitchell.
9:33 of 2nd period - Shot Misses the Net.
9:33 of 2nd period - Puck is out of play.
9:34 of 2nd period - Boyd Gordon wins face-off versus Rich Peverley in Wolves zone.
9:37 of 2nd period - Slapshot by Daniel Tjarnqvist.
9:37 of 2nd period - Deflect By James Van Riemsdyk.
9:37 of 2nd period - Shot Misses the Net.
9:37 of 2nd period - Puck is out of play.
9:38 of 2nd period - Mike Zigomanis wins face-off versus John Zeiler in Wolves zone.
9:45 of 2nd period - Snap shot by John Zeiler.
9:45 of 2nd period - Shot Blocked by Bruno Gervais.
9:50 of 2nd period - Icing by Nate Guenin.
9:51 of 2nd period - Jordan Staal wins face-off versus Mike Zigomanis in Wolves zone.
9:52 of 2nd period - Snap shot by Daniel Carcillo.
9:52 of 2nd period - Shot Misses the Net.
10:00 of 2nd period - Mattias Ohlund is hit by Mike Zigomanis and loses puck.
10:19 of 2nd period - Wrist shot by Alexander Perezhogin.
10:19 of 2nd period - Shot Misses the Net.
10:21 of 2nd period - Slapshot by Nate Guenin.
10:21 of 2nd period - Deflect By Daniel Tjarnqvist.
10:21 of 2nd period - Stopped by Mike Brodeur without a rebound.
10:22 of 2nd period - Boyd Gordon wins face-off versus Rich Peverley in Atomiques zone.
10:27 of 2nd period - Wrist shot by Andy Greene.
10:27 of 2nd period - Stopped by Julien Ellis with a rebound.
10:57 of 2nd period - Snap shot by Bruno Gervais.
10:57 of 2nd period - Stopped by Mike Brodeur without a rebound.
10:58 of 2nd period - Mike Zigomanis wins face-off versus Jordan Staal in Atomiques zone.
11:44 of 2nd period - Slapshot by Brendon Nash.
11:44 of 2nd period - Stopped by Julien Ellis without a rebound.
11:45 of 2nd period - Kyle Turris wins face-off versus Nathan Davis in Wolves zone.
11:48 of 2nd period - Snap shot by Carl Hagelin.
11:48 of 2nd period - Deflect By Kyle Turris.
11:48 of 2nd period - Shot Misses the Net.
11:48 of 2nd period - Puck is out of play.
11:49 of 2nd period - Nathan Davis wins face-off versus Kyle Turris in Wolves zone.
11:49 of 2nd period - Nathan Davis is hit by Kyle Turris.
12:00 of 2nd period - Slapshot by Ethan Moreau.
12:00 of 2nd period - Shot Hit the Post.
12:02 of 2nd period - Slapshot by Ethan Moreau.
12:02 of 2nd period - Stopped by Mike Brodeur without a rebound.
12:03 of 2nd period - Mike Zigomanis wins face-off versus Jordan Staal in Atomiques zone.
12:04 of 2nd period - Wrist shot by Alexander Perezhogin.
12:04 of 2nd period - Shot Blocked by Daniel Tjarnqvist.
12:08 of 2nd period - Snap shot by Alexander Perezhogin.
12:08 of 2nd period - Shot Misses the Net.
12:10 of 2nd period - Wrist shot by Mike Zigomanis.
12:10 of 2nd period - Shot Misses the Net.
12:12 of 2nd period - Backhand shot by Willie Mitchell.
12:12 of 2nd period - Shot Misses the Net.
12:18 of 2nd period - Snap shot by Mike Zigomanis.
12:18 of 2nd period - Stopped by Mike Brodeur with a rebound.
12:28 of 2nd period - Rich Peverley is hit by Mattias Ohlund.
12:56 of 2nd period - Slapshot by Brett Sutter.
12:56 of 2nd period - Shot Blocked by Ethan Moreau.
13:11 of 2nd period - Minor Penalty to Milan Bartovic for Hooking.
13:12 of 2nd period - Ethan Moreau wins face-off versus Jordan Staal in Wolves zone.
15:11 of 2nd period - Penalty to Milan Bartovic is over, Milan Bartovic is back on ice.
15:25 of 2nd period - Backhand shot by Rich Peverley.
15:25 of 2nd period - Stopped by Mike Brodeur with a rebound.
15:37 of 2nd period - Nate Guenin is hit by Brett Sutter and loses puck.
17:15 of 2nd period - Slapshot by Ethan Moreau.
17:15 of 2nd period - Shot Misses the Net.
18:31 of 2nd period - Willie Mitchell is hit by Mattias Ohlund and loses puck.
18:32 of 2nd period - Willie Mitchell from Wolves is injured at 18:32 of 2nd period (Sprained Left Knee).
18:33 of 2nd period - Vyacheslav Kozlov wins face-off versus Jordan Staal in Wolves zone.
19:31 of 2nd period - Snap shot by Daniel Tjarnqvist.
19:31 of 2nd period - Stopped by Julien Ellis with a rebound.
19:33 of 2nd period - Slapshot by Mattias Ohlund.
19:33 of 2nd period - Shot Misses the Net.
19:35 of 2nd period - Wrist shot by Kyle Turris.
19:35 of 2nd period - Stopped by Julien Ellis without a rebound.
19:36 of 2nd period - Ryan MacMurchy wins face-off versus Alexander Perezhogin in Wolves zone.
19:43 of 2nd period - Slapshot by Andy Greene.
19:43 of 2nd period - Shot Misses the Net.
19:57 of 2nd period - Backhand shot by Kyle Turris.
19:57 of 2nd period - Shot Hit the Post.
19:59 of 2nd period - Snap shot by Carl Hagelin.
19:59 of 2nd period - Shot Misses the Net.
3rd period
0:01 of 3rd period - Jordan Staal wins face-off versus Mike Zigomanis in neutral zone.
0:06 of 3rd period - Wrist shot by T.J. Oshie.
0:06 of 3rd period - Stopped by Julien Ellis without a rebound.
0:07 of 3rd period - Mike Zigomanis wins face-off versus Jordan Staal in Wolves zone.
0:28 of 3rd period - Mike Zigomanis is hit by Daniel Carcillo and loses puck.
0:51 of 3rd period - Off-side.
0:52 of 3rd period - Boyd Gordon wins face-off versus Rich Peverley in neutral zone.
0:57 of 3rd period - Slapshot by John Zeiler.
0:57 of 3rd period - Shot Blocked by Marc-André Gragnani.
0:58 of 3rd period - Minor Penalty to James Van Riemsdyk for Interference.
0:59 of 3rd period - Mike Zigomanis wins face-off versus Daniel Carcillo in Atomiques zone.
2:09 of 3rd period - Jordan Staal is hit by Mike Zigomanis and loses puck.
2:58 of 3rd period - Penalty to James Van Riemsdyk is over, James Van Riemsdyk is back on ice.
3:14 of 3rd period - Marc-André Gragnani is hit by Brendon Nash and loses puck.
3:21 of 3rd period - Slapshot by Brendon Nash.
3:21 of 3rd period - Shot Misses the Net.
3:23 of 3rd period - Snap shot by Kyle Turris.
3:23 of 3rd period - Shot Misses the Net.
3:25 of 3rd period - Slapshot by Brendon Nash.
3:25 of 3rd period - Stopped by Julien Ellis with a rebound.
3:31 of 3rd period - Kyle Turris is hit by Marc-André Gragnani and loses puck.
3:44 of 3rd period - Wrist shot by Cody McLeod.
3:44 of 3rd period - Stopped by Mike Brodeur without a rebound.
3:45 of 3rd period - John Zeiler wins face-off versus Nathan Davis in Atomiques zone.
4:16 of 3rd period - Snap shot by Alexander Perezhogin.
4:16 of 3rd period - Stopped by Mike Brodeur with a rebound.
4:18 of 3rd period - Backhand shot by Bruno Gervais.
4:18 of 3rd period - Stopped by Mike Brodeur without a rebound.
4:19 of 3rd period - Mike Zigomanis wins face-off versus Jordan Staal in Atomiques zone.
5:12 of 3rd period - Snap shot by Philippe Boucher.
5:12 of 3rd period - Shot Blocked by Andy Greene.
5:29 of 3rd period - Minor Penalty to Daniel Carcillo for Elbowing.
5:30 of 3rd period - Brett Sutter wins face-off versus Mike Zigomanis in Atomiques zone.
5:57 of 3rd period - Snap shot by Geoff Sanderson.
5:57 of 3rd period - Shot Misses the Net.
5:59 of 3rd period - Slapshot by Matt Gilroy.
5:59 of 3rd period - Stopped by Mike Brodeur with a rebound.
6:01 of 3rd period - Slapshot by Matt Gilroy.
6:01 of 3rd period - Shot Blocked by Daniel Tjarnqvist.
6:03 of 3rd period - Slapshot by Marc-André Gragnani.
6:03 of 3rd period - Stopped by Mike Brodeur without a rebound.
6:04 of 3rd period - Jordan Staal wins face-off versus Mike Zigomanis in Atomiques zone.
6:21 of 3rd period - Jordan Staal is hit by Marc-André Gragnani and loses puck.
6:28 of 3rd period - Wrist shot by Rich Peverley.
6:28 of 3rd period - Goal by Rich Peverley - Atomiques : 5 - Wolves : 4.
6:29 of 3rd period - Boyd Gordon wins face-off versus Mike Zigomanis in neutral zone.
6:54 of 3rd period - Daniel Carcillo is hit by Rich Peverley and loses puck.
7:03 of 3rd period - Wrist shot by Daniel Carcillo.
7:03 of 3rd period - Stopped by Julien Ellis without a rebound.
7:04 of 3rd period - Mike Zigomanis wins face-off versus Boyd Gordon in Wolves zone.
7:40 of 3rd period - Wrist shot by Daniel Carcillo.
7:40 of 3rd period - Deflect By Geoff Sanderson.
7:40 of 3rd period - Shot Misses the Net.
7:40 of 3rd period - Puck is out of play.
7:41 of 3rd period - Mike Zigomanis wins face-off versus Boyd Gordon in Wolves zone.
8:08 of 3rd period - Jordan Staal is hit by Rich Peverley and loses puck.
8:15 of 3rd period - Slapshot by Brendon Nash.
8:15 of 3rd period - Shot Blocked by Philippe Boucher.
8:47 of 3rd period - Slapshot by Shawn Belle.
8:47 of 3rd period - Stopped by Julien Ellis without a rebound.
8:48 of 3rd period - Kyle Turris wins face-off versus Petr Kalus in Wolves zone.
9:13 of 3rd period - Matt Gilroy is hit by Carl Hagelin and loses puck.
9:28 of 3rd period - Slapshot by Cody McLeod.
9:28 of 3rd period - Stopped by Mike Brodeur with a rebound.
9:30 of 3rd period - Slapshot by Matt Gilroy.
9:30 of 3rd period - Shot Misses the Net.
9:32 of 3rd period - Snap shot by Tim Crowder.
9:32 of 3rd period - Wolves goal is going for a video replay.
9:32 of 3rd period - The goal is refused. The net was displaced accidentally..
9:33 of 3rd period - Mike Zigomanis wins face-off versus Jordan Staal in Atomiques zone.
9:50 of 3rd period - Bruno Gervais is hit by Daniel Carcillo and loses puck.
11:06 of 3rd period - Slapshot by Geoff Sanderson.
11:06 of 3rd period - Stopped by Mike Brodeur with a rebound.
11:14 of 3rd period - Wrist shot by Daniel Carcillo.
11:14 of 3rd period - Deflect By Jordan Staal.
11:14 of 3rd period - Shot Misses the Net.
11:14 of 3rd period - Puck is out of play.
11:15 of 3rd period - Mike Zigomanis wins face-off versus Boyd Gordon in Wolves zone.
11:22 of 3rd period - John Zeiler is hit by Marc-André Gragnani and loses puck.
11:36 of 3rd period - Minor Penalty to Matt Gilroy for Tripping.
11:36 of 3rd period - Minor Penalty to Mattias Ohlund for Slashing.
11:37 of 3rd period - Mike Zigomanis wins face-off versus Daniel Carcillo in Atomiques zone.
11:38 of 3rd period - Slapshot by Philippe Boucher.
11:38 of 3rd period - Deflect By Alexander Perezhogin.
11:38 of 3rd period - Stopped by Mike Brodeur with a rebound.
11:40 of 3rd period - Snap shot by Mike Zigomanis.
11:40 of 3rd period - Goal by Mike Zigomanis - Atomiques : 5 - Wolves : 5.
11:41 of 3rd period - Mike Zigomanis wins face-off versus Daniel Carcillo in neutral zone.
11:52 of 3rd period - Slapshot by Daniel Carcillo.
11:52 of 3rd period - Stopped by Julien Ellis with a rebound.
11:56 of 3rd period - Snap shot by Jordan Staal.
11:56 of 3rd period - Goal by Jordan Staal - Atomiques : 6 - Wolves : 5.
11:57 of 3rd period - Mike Zigomanis wins face-off versus Daniel Carcillo in neutral zone.
12:32 of 3rd period - Shawn Belle is hit by Geoff Sanderson and loses puck.
12:55 of 3rd period - Snap shot by Boyd Gordon.
12:55 of 3rd period - Shot Misses the Net.
13:36 of 3rd period - Penalty to Matt Gilroy is over, Matt Gilroy is back on ice.
13:36 of 3rd period - Penalty to Mattias Ohlund is over, Mattias Ohlund is back on ice.
13:48 of 3rd period - Snap shot by Mattias Ohlund.
13:48 of 3rd period - Shot Misses the Net.
13:52 of 3rd period - Snap shot by Mattias Ohlund.
13:52 of 3rd period - Shot Misses the Net.
14:39 of 3rd period - Snap shot by Mattias Ohlund.
14:39 of 3rd period - Stopped by Julien Ellis with a rebound.
14:47 of 3rd period - Snap shot by Mattias Ohlund.
14:47 of 3rd period - Stopped by Julien Ellis with a rebound.
14:51 of 3rd period - Snap shot by Mattias Ohlund.
14:51 of 3rd period - Stopped by Julien Ellis with a rebound.
14:53 of 3rd period - Wrist shot by James Van Riemsdyk.
14:53 of 3rd period - Stopped by Julien Ellis with a rebound.
14:55 of 3rd period - Snap shot by Wes O'Neill.
14:55 of 3rd period - Stopped by Julien Ellis with a rebound.
14:57 of 3rd period - Slapshot by Mattias Ohlund.
14:57 of 3rd period - Shot Blocked by Nate Guenin.
15:17 of 3rd period - Snap shot by James Van Riemsdyk.
15:17 of 3rd period - Deflect By Mattias Ohlund.
15:17 of 3rd period - Shot Misses the Net.
15:17 of 3rd period - Puck is out of play.
15:18 of 3rd period - Nathan Davis wins face-off versus Jordan Staal in Wolves zone.
15:23 of 3rd period - Wrist shot by Bruno Gervais.
15:23 of 3rd period - Stopped by Mike Brodeur with a rebound.
16:06 of 3rd period - Wrist shot by Brendon Nash.
16:06 of 3rd period - Deflect By T.J. Oshie.
16:06 of 3rd period - Stopped by Julien Ellis without a rebound.
16:07 of 3rd period - Jordan Staal wins face-off versus Rich Peverley in Wolves zone.
16:10 of 3rd period - Wrist shot by Daniel Carcillo.
16:10 of 3rd period - Stopped by Julien Ellis with a rebound.
16:34 of 3rd period - Ethan Moreau is hit by Carl Hagelin and loses puck.
17:06 of 3rd period - John Zeiler is hit by Bruno Gervais.
17:22 of 3rd period - Rich Peverley is hit by Daniel Tjarnqvist and loses puck.
18:35 of 3rd period - Marc-André Gragnani is hit by T.J. Oshie and loses puck.
18:52 of 3rd period - Ethan Moreau is hit by T.J. Oshie and loses puck.
19:05 of 3rd period - Backhand shot by Jordan Staal.
19:05 of 3rd period - Stopped by Julien Ellis with a rebound.
19:07 of 3rd period - Snap shot by Brendon Nash.
19:07 of 3rd period - Deflect By Daniel Carcillo.
19:07 of 3rd period - Shot Blocked by Ethan Moreau.
19:07 of 3rd period - Puck is out of play.
19:08 of 3rd period - Peter DeBoer call a timeout for Wolves.
19:08 of 3rd period - Nathan Davis wins face-off versus T.J. Oshie in Wolves zone.
19:31 of 3rd period - Jordan Staal is hit by Bruno Gervais and loses puck.
19:54 of 3rd period - Wolves, Julien Ellis is pulled from the net.
19:58 of 3rd period - Snap shot by Vyacheslav Kozlov.
19:58 of 3rd period - Stopped by Mike Brodeur with a rebound.
Output by the SimonT Hockey Simulator (STHS) for François Prévost -- Original Page W3C XHTML 1.0 Valid